 Dungeon Crawl Stone Soup version 0.21.1-1-g345015f (webtiles) character file.

25 glosham the Insei (level 3, -1/18 HPs)
             Began as a Vine Stalker Transmuter on June 3, 2018.
             Slain by a kobold
             ... wielding a +0 short sword
              (3 damage)
             ... on level 2 of the Dungeon.
             The game lasted 00:06:14 (336 turns).

glosham the Insei (Vine Stalker Transmuter)          Turns: 336, Time: 00:06:15

Health: -1/18      AC:  2    Str: 12    XL:     3   Next: 6%
Magic:  0/7        EV: 12    Int: 14    God:
Gold:   20         SH:  0    Dex: 14    Spells: 5/6 levels left

rFire    . . .     SeeInvis .     - Unarmed
rCold    . . .     Gourm    .   (no shield)
rNeg     . . .     Faith    .   b - +0 robe
rPois    .         Spirit   +   (no helmet)
rElec    .         Reflect  .   (no cloak)
rCorr    .         Harm     .   (no gloves)
MR       .....                  (no boots)
Stlth    +.........             (no amulet)
HPRegen  0.06/turn              (no ring)
MPRegen  0.10/turn              (no ring)

@: appendage
A: fangs 2, horns 2, magic shield, antimagic bite, no potion heal 3, rot
immunity
a: End Transformation


You were on level 2 of the Dungeon.
You were not hungry.
You had grown temporary horns.
You visited 1 branch of the dungeon, and saw 3 of its levels.

You collected 20 gold pieces.

Inventory:

Missiles
 a - 12 arrows
Armour
 b - a +0 robe (worn)
Scrolls
 e - a scroll of identify {unknown}
Books
 c - a book of Changes

   Spells                             Type                      Level
   a - Beastly Appendage              Transmutation                1
   b - Sticks to Snakes               Transmutation                2
   c - Spider Form                    Transmutation/Poison         3
   d - Ice Form                       Ice/Transmutation            4
   e - Blade Hands                    Transmutation                5
Comestibles
 d - a ration


   Skills:
 + Level 1.6 Fighting
 - Level 1.5 Dodging
 * Level 3.8 Unarmed Combat
 - Level 2.1 Spellcasting
 - Level 2.0 Transmutations


You had 5 spell levels left.
You knew the following spells:

 Your Spells              Type           Power        Failure   Level  Hunger
z - Beastly Appendage     Tmut           #.....       11%         1    #......


Dungeon Overview and Level Annotations

Branches:
Dungeon (3/15)

Altars:

Annotations:
D:2 Robin


Innate Abilities, Weirdness & Mutations

You have extremely sharp teeth.
When hurt, damage is shared between your health and your magic reserves.
Your bite disrupts and absorbs the magic of your enemies.
Potions cannot restore your health.
You are immune to rotting.
You have a pair of horns on your head.


Message History

Your experience leads to an increase in your attributes!
Increase (S)trength, (I)ntelligence, or (D)exterity?
You feel clever.
There is an open door here.
You see here a dart slug corpse.
Your transformation is almost over.
A goblin and a hobgoblin come into view.
Your talons disappear.
Casting: Beastly Appendage
Confirm with . or Enter, or press ? or * to list all spells.
You grow a pair of large bovine horns.
You closely miss the goblin. The goblin hits you with a dagger.
* * * LOW HITPOINT WARNING * * *
You hit the goblin but do no damage. The goblin barely misses you.
You hit the goblin.
You kill the goblin!
The hobgoblin shouts!
You hear a shout! x2
A hobgoblin comes into view.
Things that are here:
a dagger; a goblin corpse Your transformation is almost over.
A goblin comes into view. It is wielding a dagger.
The goblin shouts!
A kobold comes into view. It is wielding a short sword.
Your horns disappear.
A giant cockroach and a goblin come into view.
The goblin moves out of view. 2 goblins come into view.
Robin of the Strong Arm comes into view.
She is wielding a dagger of electrocution.
The goblin barely misses you.
Robin moves out of view.
The goblin shouts!
You hear a shout! x4; The kobold shouts!
The goblin closely misses you. The hobgoblin closely misses you.
The goblin barely misses you.
A goblin comes into view. It is wielding a club.
The hobgoblin barely misses you.
Casting: Beastly Appendage
Confirm with . or Enter, or press ? or * to list all spells.
You grow a pair of large bovine horns.
The kobold hits you with a short sword.
You die...

# #.######......##...........
#.#.######......##...........
.......g........†...........
#g#####.......##†..........
.. #.......##...........
#.###.########.......†...
#..s.ggg..# #####...####
#####.###g# #...# #..gK@.#
#...# #..##### ..... #..#
...... #..# #..... #..# #...
##K# #.##########


You could see a hobgoblin, a goblin and a kobold.

Vanquished Creatures
  An adder (D:3)
  A dart slug (D:2)
  2 goblins
  3 hobgoblins
  A quokka (D:3)
  A bat (D:2)
  2 frilled lizards
  A kobold (D:2)
  3 rats
15 creatures vanquished.

Notes
Turn   | Place    | Note
-------+----------+-------------------------------------------
     0 | D:1      | glosham the Vine Stalker Transmuter began the quest for the Orb.
     0 | D:1      | Reached XP level 1. HP: 9/9 MP: 4/4
    16 | D:1      | Reached skill level 1 in Fighting
   147 | D:2      | Reached XP level 2. HP: 14/14 MP: 4/6
   297 | D:2      | HP: 1/14 [dart slug/slug dart (3)]
   299 | D:2      | Reached XP level 3. HP: 1/18 MP: 0/7
   315 | D:2      | HP: 1/18 [goblin/dagger[Robin] (1)]
   329 | D:2      | Noticed Robin
   336 | D:2      | Slain by a kobold

Skill      XL: |  1 |
---------------+----+-----
Fighting       | 1 |  1.6
Dodging        | |  1.5
Unarmed Combat | |  3.8
Spellcasting   | |  2.1
Transmutations | |  2.0

Action                   || total
-------------------------++-------
Melee: Unarmed           ||    37
       Headbutt          ||     5
       Bite              ||     5
       Kick              ||     3
       Punch             ||     1
 Cast: Beastly Appendage ||    11
  Use: Potion            ||     2
 Stab: Distracted        ||     1
Armor: Robe              ||     1
Dodge: Dodged            ||    20

Table legend:
 A = Turns spent in this place as a percentage of turns spent in the entire game.
 B = Non-inter-level travel turns spent in this place as a percentage of non-inter-level travel turns spent in the entire game.
 C = Inter-level travel turns spent in this place as a percentage of turns spent in this place.
 D = Turns resting spent in this place as a percentage of non-inter-level travel turns spent in this place.
 E = Turns spent auto-exploring this place as a percentage of non-inter-level travel turns spent in this place.
 F = Non-inter-level travel turns spent in this place divided by the number of levels of this place that you've seen.
                   A       B       C       D       E      F
               +-------+-------+-------+-------+-------+----------------------
         Total | 100.0 | 100.0 |   0.0 |   8.6 |   0.0 | 112.0
       Dungeon | 100.0 | 100.0 |   0.0 |   8.6 |   0.0 | 112.0
               +-------+-------+-------+-------+-------+----------------------

Table legend:
 A = Kills in this place as a percentage of kills in entire the game.
 B = Kills by you in this place as a percentage of kills by you in the entire game.
 C = Kills by friends in this place as a percentage of kills by friends in the entire game.
 D = Other kills in this place as a percentage of other kills in the entire game.
 E = Experience gained in this place as a percentage of experience gained in the entire game.
 F = Experience gained in this place divided by the number of levels of this place that you have seen.
                   A       B       C       D       E      F
               +-------+-------+-------+-------+-------+----------------------
         Total | 100.0 | 100.0 |   N/A |   N/A | 100.0 |  12.3
       Dungeon | 100.0 | 100.0 |   N/A |   N/A | 100.0 |  12.3
               +-------+-------+-------+-------+-------+----------------------

Vault maps used:
D:1:      lightli_arrival_chessboard, minmay_cut_off
D:2:      first_ration, uniq_sigmund, uniq_robin
